 Dungeon Crawl Stone Soup version 0.29.1-2-gbd0b4ee654 (webtiles) character file.

Game seed: 11621849733300964236

448 croobank the Sneak (level 6, -4/49 HPs)
             Began as a Demonspawn Delver on Nov 3, 2022.
             Slain by an ogre
             ... wielding a +0 giant spiked club
              (19 damage)
             ... on level 4 of the Dungeon.
             The game lasted 00:14:01 (5354 turns).

croobank the Sneak (Demonspawn Delver)              Turns: 5354, Time: 00:14:02

Health: -4/49      AC: 12    Str: 12    XL:     6   Next: 73%
Magic:  15/15      EV: 10    Int: 14    God:
Gold:   158        SH:  0    Dex: 14    Spells: 5/5 levels left

rFire   + . .      SeeInvis .   a - +1 hand axe (vorpal)
rCold   + + +      Faith    .   (no shield)
rNeg    . . .      Spirit   .   D - +1 scale mail of Hubris {Fly rC++ Regen+ rCorr}
rPois   .          Reflect  .   l - +0 helmet
rElec   .          Harm     .   n - scarf {rC+ rF+}
rCorr   +          Rampage  .   u - +0 pair of gloves
Will    .....                   q - +2 pair of boots
Stlth   ++........              (no amulet)
HPRegen 0.96/turn               m - ring of magical power
MPRegen 0.14/turn               o - ring of protection from cold

@: mighty, flying
A: claws 1, ignite blood 2
a: no special abilities


You were on level 4 of the Dungeon.
You visited 1 branch of the dungeon, and saw 9 of its levels.

You collected 236 gold pieces.
You spent 78 gold pieces at shops.

Inventory:

Hand Weapons
 a - a +1 vorpal hand axe (weapon)
 y - a +2 short sword of speed
 G - a +2 vorpal spear
 H - a +1 dagger of speed
Missiles
 r - 2 javelins (quivered)
 A - 3 datura-tipped darts
Armour
 b - a +0 leather armour
 d - a +0 ring mail
 l - a +0 helmet (worn)
 n - a scarf of resistance (worn)
 q - a +2 pair of boots (worn)
 u - a +0 pair of gloves (worn)
 D - the +1 scale mail of Hubris (worn) {Fly rC++ Regen+ rCorr}
   (You found it on level 4 of the Dungeon)

   rC:        It greatly protects you from cold.
   Fly:       It grants you flight.
   Regen:     It increases your rate of health regeneration.
   rCorr:     It protects you from acid and corrosion.
 F - a +0 kite shield
Jewellery
 j - a ring of magical power
 m - a ring of magical power (left hand)
 o - a ring of protection from cold (right hand)
Wands
 g - a wand of digging (3)
Scrolls
 c - a scroll of fog
 e - 2 scrolls of fear
 h - a scroll of enchant armour {unknown}
 k - a scroll of silence
 v - a scroll of teleportation {unknown}
 w - a scroll of blinking
 x - a scroll of magic mapping
 B - 2 scrolls of vulnerability
 C - 3 scrolls of identify
 E - 2 scrolls of enchant weapon
Potions
 f - 3 potions of haste
 i - a potion of curing
 p - 2 potions of invisibility {unknown}
 t - a potion of magic
 z - 2 potions of heal wounds {unknown}


   Skills:
 + Level 4.6 Fighting
 + Level 3.6 Axes
 + Level 3.5 Dodging
 + Level 5.7 Stealth


You had 5 spell levels left.
You didn't know any spells.
Your spell library contained the following spells:

 Spells                   Type           Power      Damage    Failure   Level
 Necrotise                Necr           0%         1d4       85%         1
 Slow                     Hex            0%         N/A       85%         1
 Confusing Touch          Hex            0%         N/A       99%         3
 Vampiric Draining        Necr           0%         2d6       99%         3
 Agony                    Necr           0%         N/A       100%        5


Dungeon Overview and Level Annotations

Branches:
Dungeon (9/15)
 Temple: D:4-7         Lair: D:8-11         Orc: D:9-12

Altars:
Gozag
Nemelex Xobeh
Okawaru
Uskayaw

Shops:
D:2 (!?=(

Annotations:
D:3 3 runed translucent doors, llahlahkje's ghost, weakling MiFi; silentkaos13's ghost, amateur OpTm


Innate Abilities, Weirdness & Mutations

You have sharp fingernails.
Your demonic aura often causes spilled blood to erupt in flames.


Message History

The phantom is almost destroyed.
The phantom hits you.
You barely miss the phantom.
The phantom is almost destroyed.
The phantom hits you.
The phantom blinks!
You blink.
The phantom hits you but does no damage.
The phantom hits you but does no damage.
You barely miss the phantom.
The phantom is almost destroyed.
The phantom hits you but does no damage.
You hit the phantom.
You destroy the phantom!
You start resting.
HP restored.
Okay, then.
You don't know any spells.
Found 4 large rocks.
B - 2 scrolls of vulnerability (gained 1)
C - 3 scrolls of identify (gained 1)
There is a stone staircase leading down here.
Found a flail.
Found a stone staircase leading down.
The ogre shouts!
You feel very mighty all of a sudden.
The ogre hits you with a +0 giant spiked club.
You barely miss the ogre.
The ogre hits you with a +0 giant spiked club!
You hit the ogre.
The ogre is moderately wounded.
You hit the ogre.
The ogre is heavily wounded.
The ogre hits you with a +0 giant spiked club!
You slash the ogre!
The ogre is almost dead.
The ogre hits you with a +0 giant spiked club!
* * * LOW HITPOINT WARNING * * *
You completely miss the ogre.
The ogre is almost dead.
The ogre hits you with a +0 giant spiked club!!
You die...

#.#...# #.#.#.#...##..#
#....# #.....#.####..#
##...........###.####..#
#................##.....
#.#..######.......##.#..#
###.. .(..####.##.#..#
##. ##.# #.......#
#.######.#####........
#...O@................
########.............#
###############


You could see an ogre.

Vanquished Creatures
  2 ogres (D:4)
  A phantom (D:4)
  Jessica (D:3)
  2 iguanas
  3 gnolls
  4 adders
  3 worms
  2 dart slugs (D:4)
  4 orcs (D:2)
  4 ball pythons
  4 endoplasms
  3 giant cockroaches
  7 hobgoblins
  7 kobolds
  4 quokkas
  3 bats
  2 frilled lizards (D:2)
  8 goblins
  2 rats (D:2)
66 creatures vanquished.

Vanquished Creatures (others)
  A plant (D:2)
  6 withered plants (D:3)
7 creatures vanquished.

Grand Total: 73 creatures vanquished

Notes
Turn   | Place    | Note
-------+----------+-------------------------------------------
     0 | D:5      | croobank the Demonspawn Delver began the quest for the Orb.
     0 | D:5      | Reached XP level 1. HP: 18/18 MP: 1/1
    15 | D:5      | Noticed a howler monkey
    15 | D:5      | Noticed a scorpion
   154 | D:9      | Noticed an unseen horror zombie
   183 | D:8      | Found an opulent altar of Gozag.
   184 | D:8      | Found a sparkling altar of Nemelex Xobeh.
   239 | D:6      | Noticed a lemure
   297 | D:5      | Noticed a scorpion
   423 | D:2      | Found Offuotam's Weapon Boutique.
   783 | D:2      | Gained mutation: Your demonic aura sometimes causes spilled
                  | blood to erupt in flames. [demonic ancestry]
   783 | D:2      | Reached XP level 2. HP: 20/24 MP: 2/2
   970 | D:2      | Found Puon's Magic Scroll Emporium.
  1044 | D:2      | Bought 2 scrolls of identify for 52 gold pieces
  1044 | D:2      | Bought a scroll of identify for 26 gold pieces
  1329 | D:1      | Reached XP level 3. HP: 29/29 MP: 3/3
  1995 | D:2      | Found a faded altar of an unknown god.
  2094 | D:2      | Found Foorutz's Jewellery Emporium.
  2201 | D:2      | Found Gefacemm's Distillery.
  2216 | D:2      | Found Beaje's Weapon Emporium.
  2661 | D:3      | Found an iron altar of Okawaru.
  2703 | D:3      | Reached skill level 5 in Stealth
  2703 | D:3      | Reached XP level 4. HP: 35/35 MP: 4/4
  3246 | D:3      | Noticed Jessica
  3256 | D:3      | Killed Jessica
  3621 | D:3      | Found a runed translucent gate.
  3621 | D:3      | Found a runed translucent gate.
  3621 | D:3      | Found a runed translucent gate.
  3622 | D:3      | Noticed silentkaos13's ghost (amateur OpTm)
  3623 | D:3      | Noticed llahlahkje's ghost (weakling MiFi)
  3641 | D:3      | Found a hide-covered altar of Uskayaw.
  3796 | D:3      | Gained mutation: Your demonic aura often causes spilled
                  | blood to erupt in flames. [demonic ancestry]
  3796 | D:3      | Reached XP level 5. HP: 42/42 MP: 5/5
  4806 | D:4      | Noticed an ogre
  4811 | D:4      | Killed an ogre
  4832 | D:4      | Identified the +1 scale mail of Hubris {Fly rC++ Regen+
                  | rCorr}
  4843 | D:4      | Noticed an ogre
  4847 | D:4      | Killed an ogre
  4848 | D:4      | Gained mutation: You have sharp fingernails. [demonic
                  | ancestry]
  4848 | D:4      | Reached XP level 6. HP: 42/49 MP: 6/6
  5354 | D:4      | Slain by an ogre

Illustrated notes

Levels and vault maps discovered:
D:1:      amcnicky_arrival_flooded_fountain, layout_basic,
          minmay_shallow_snake_nest
D:2:      layout_basic, hellmonk_ecumenical_altar_pennies_from_heaven,
          serial_shops, nicolae_shop_statue_plus, shop, shop,
          nicolae_square_shop, nicolae_shop_advertising_works
          [nicolae_subvault_shop_adworks], serial_bayou_pond_d, wad_orctagon
D:3:      layout_basic, nicolae_uskayaw_suspiria, okawaru_trees_2,
          gammafunk_ghost_cemetery, uniq_jessica
D:4:      nicolae_cairo_tiling_large_dashed, layout_loops_ring,
          gammafunk_ghost_necromancy
D:5:      layout_basic, led_xom_imps, jmf_multi_god_temple
D:6:      layout_basic, nicolae_hepliaklqana_hazy_memory,
          mainiacjoe_overflow_small_starburst, chei_slow_surprise,
          minmay_temple_entry_poolview, serial_shops, shop,
          minmay_misc_feat_plants, hangedman_minor_gate_pass, uniq_pikel,
          uniq_sigmund, uniq_blork_the_orc
D:7:      layout_basic, enter_ossuary_2
D:8:      layout_loops_corners, kennysheep_vampire_church,
          grunt_temple_overflow_opulence, enter_bailey_4, uniq_grum
D:9:      layout_cave_pods, serial_undead, serial_undead_c, serial_undead_f,
          serial_undead_a, serial_undead_f, minmay_stone_trees_small,
          minmay_hollow_rounded_squares

Skill      XL: |  1  2  3  4  5 |
---------------+----------------+-----
Axes           | 2 3 |  3.6
Dodging        | 2 3 |  3.5
Stealth        | 5 |  5.7
Fighting       | 4 |  4.6

Action                   |  1- 3 |  4- 6 || total
-------------------------+-------+-------++-------
Melee: Hand axe          |    87 |   120 ||   207
       Punch             |       |     1 ||     1
Throw: Javelin           |       |     1 ||     1
  Use: Scroll            |    13 |       ||    13
       Potion            |       |     3 ||     3
 Stab: Sleeping          |     8 |     1 ||     9
Armor: Ring mail         |    40 |    30 ||    70
       Scale mail        |       |    16 ||    16
Dodge: Dodged            |    50 |    67 ||   117
